 Dungeon Crawl Stone Soup version 0.30-a0-913-g9934a0ce24 (webtiles) character file.

Game seed: 11759372316383720597

604 browni3141 the Trooper (level 7, 0/54 HPs)
             Began as a Demonspawn Fire Elementalist on Mar 20, 2023.
             Slain by a killer bee (6 damage)
             ... on level 8 of the Dungeon.
             The game lasted 00:13:06 (4216 turns).

browni3141 the Trooper (DsFE)                       Turns: 4216, Time: 00:13:06

Health: 0/54       AC:  5    Str:  8    XL:     7   Next: 18%
Magic:  10/10      EV: 12    Int: 18    God:
Gold:   137        SH:  0    Dex: 14    Spells: 4/10 levels left

rFire   + + .      SeeInvis .    x - +4 whip "Sosio" {flame, *Noise Fragile rF++ rC+++}
rCold   + + +      Faith    .    (no shield)
rNeg    . . .      Spirit   .    a - +0 robe
rPois   .          Reflect  .    (helmet restricted)
rElec   .          Rampage  .    q - +1 cloak
rCorr   .                        r - +0 pair of gloves
Will    .....                    (no boots)
Stlth   ++                       C - amulet of magic regeneration
HPRegen 0.29/turn                i - ring of protection from cold
MPRegen 0.52/turn                (no ring)

@: lethally poisoned (0 -> -5)
A: hooves 2, horns 1, powered by pain 2, demonic magic 1
a: no special abilities


You were on level 8 of the Dungeon.
You visited 1 branch of the dungeon, and saw 6 of its levels.

You collected 137 gold pieces.

Inventory:

Hand Weapons
 x - the +4 whip "Sosio" (weapon) {flame, *Noise Fragile rF++ rC+++}
   (You took it off a goblin on level 4 of the Dungeon)

   rF:        It greatly protects you from fire.
   rC:        It renders you almost immune to cold.
   *Noise:    It may make noises in combat.
   Fragile:   It will be destroyed if unequipped.
Missiles
 B - a throwing net
Armour
 a - a +0 robe (worn)
 q - a +1 cloak (worn)
 r - a +0 pair of gloves (worn)
Jewellery
 c - a ring of ice
 i - a ring of protection from cold (left hand)
 C - an amulet of magic regeneration (around neck)
Wands
 w - a wand of flame (16)
 D - a wand of polymorph (9)
Scrolls
 b - a scroll of vulnerability
 h - 2 scrolls of torment
 j - a scroll of noise
 k - a scroll of enchant weapon
 m - 2 scrolls of immolation
 p - 3 scrolls of fog
 v - 2 scrolls of poison
 y - a scroll of blinking {unknown}
Potions
 e - a potion of heal wounds {unknown}
 f - a potion of flight {unknown}
 g - a potion of attraction {unknown}
 l - a potion of mutation {unknown}
 o - 2 potions of brilliance {unknown}
 s - 2 potions of haste {unknown}
 t - a potion of might {unknown}
 z - a potion of ambrosia {unknown}
 A - a potion of curing


   Skills:
 - Level 4.0 Fighting
 - Level 3.0 Maces & Flails
 - Level 2.0 Dodging
 - Level 3.0 Stealth
 - Level 3.0 Unarmed Combat
 - Level 2.0 Spellcasting
 + Level 1.2 Conjurations
 + Level 0.4 Translocations
 - Level 3.0 Fire Magic
 + Level 0.3 Air Magic
 - Level 2.0 Evocations


You had 4 spell levels left.
You knew the following spells:

 Your Spells              Type           Power      Damage    Failure   Level
a - Foxfire               Conj/Fire      36%        2x1d5     8%          1
b - Scorch                Fire           24%        2d6       8%          2
c - Kindle Blastsparks    Fire/Tloc/Air  12%        2d11      32%         3

Your spell library contained the following spells:

 Spells                   Type           Power      Damage    Failure   Level
 Sandblast                Erth           2%         2d4       19%         1
 Sting                    Tmut/Pois      4%         1d3       19%         1
 Passwall                 Tmut/Erth      0%         N/A       26%         2
 Poisonous Vapours        Pois/Air       4%         N/A       26%         2
 Inner Flame              Hex/Fire       7%         N/A       28%         3
 Stone Arrow              Conj/Erth      8%         3d7       38%         3
 Flame Wave               Conj/Fire      9%         2d6       58%         4
 Olgreb's Toxic Radiance  Pois           1%         N/A       87%         4


Dungeon Overview and Level Annotations

Branches:
Dungeon (8/15)
 Temple: D:4-7         Lair: D:8-11

Altars:
Ashenzari
Cheibriados
Gozag
Makhleb
Qazlal
Trog

Annotations:
D:2 1 runed translucent door


Innate Abilities, Weirdness & Mutations

You have hoof-like feet.
You have a pair of small horns on your head.
You sometimes gain power by taking damage.
Spells you cast may paralyse adjacent enemies.


Message History

You hear a shout! x2
The killer bee barely misses you. The gnoll barely misses you.
The killer bee barely misses you.
As you read the scroll of identify, it crumbles to dust.
j - a scroll of noise The killer bee stings you!
The gnoll closely misses you.
The killer bee stings you but does no damage.
As you read the scroll of identify, it crumbles to dust.
k - a scroll of enchant weapon The gnoll shouts!
The killer bee stings you! The gnoll barely misses you.
The killer bee stings you but does no damage.
Okay, then.
Unknown command.
Okay, then.
Casting: Scorch (safe; 8% risk of failure)
Confirm with . or Enter, or press ? or * to list all spells.
Okay, then.
Unknown command.
Unknown command.
Aiming: Polymorph
Press: ? - help, Shift-Dir - straight line, f - killer bee
Aim: a killer bee (will become a swamp drake, a bat, or a wyvern, chance to affect: 63%)
Okay, then.
Unknown command.
As you read the scroll labelled YZOOGI WUTIRYI, it crumbles to dust.
It is a scroll of amnesia.
Really abort (and waste the scroll)?
Okay, then.
The killer bee closely misses you. The gnoll closely misses you.
The killer bee stings you!
* * * LOW HITPOINT WARNING * * *
As you read the scroll labelled MIFAUV ISTROAT, it crumbles to dust.
It is a scroll of enchant armour.
Your +0 cloak glows green for a moment.
The killer bee stings you.
* * * LOW HITPOINT WARNING * * *
You are poisoned.
The killer bee poisons you! The gnoll barely misses you.
The killer bee stings you.
You die...

#...$..g<........
#..............
#......###..#
#..........##.
#..g......>......
#yyy.....o.##.#..
#yg....###......
#y#........o... .
#@####.###......
#....#.# ......
#....#.# ..#...
#....#.. .......y
........
##...#... ...#...


You could see 5 killer bees and 2 gnolls.

Vanquished Creatures
  2 ogres (D:4)
  2 scorpions (D:4)
  A hound (D:4)
  A jelly (D:5)
  An iguana (D:5)
  Terence (D:2)
  An orc priest (D:5)
  Natasha (D:2)
  3 gnolls (D:4)
  5 adders
  A dart slug (D:3)
  8 orcs
  4 ball pythons
  6 bats
  5 endoplasms
  3 giant cockroaches
  6 hobgoblins
  A jackal (D:1)
  5 quokkas
  5 frilled lizards
  6 goblins
  4 kobolds
  10 rats
82 creatures vanquished.

Vanquished Creatures (others)
  163 foxfires
163 creatures vanquished.

Grand Total: 245 creatures vanquished

Notes
Turn   | Place    | Note
-------+----------+-------------------------------------------
     0 | D:1      | browni3141 the Demonspawn Fire Elementalist began the quest
                  | for the Orb.
     0 | D:1      | Reached XP level 1. HP: 13/13 MP: 3/3
   126 | D:1      | Reached skill level 1 in Fighting
   223 | D:1      | Discovered your monstrous ancestry.
   223 | D:1      | Gained mutation: You have large cloven feet. [demonic
                  | ancestry]
   223 | D:1      | Reached XP level 2. HP: 21/22 MP: 0/5
   432 | D:1      | Learned a level 2 spell: Scorch
   473 | D:1      | Found a faded altar of an unknown god.
   547 | D:1      | Reached skill level 2 in Fighting
  1122 | D:2      | Gained mutation: Spells you cast may paralyse adjacent
                  | enemies. [demonic ancestry]
  1122 | D:2      | Reached XP level 3. HP: 26/28 MP: 4/6
  1175 | D:2      | Noticed Terence
  1208 | D:2      | Killed Terence
  1209 | D:2      | Reached skill level 3 in Fighting
  1580 | D:2      | Noticed Natasha
  1583 | D:2      | Killed Natasha
  1584 | D:2      | Gained mutation: You sometimes gain a little power by
                  | taking damage. [demonic ancestry]
  1584 | D:2      | Reached XP level 4. HP: 33/37 MP: 0/7
  1677 | D:2      | Reached skill level 1 in Unarmed Combat
  1879 | D:2      | Found a runed translucent door.
  2045 | D:3      | Found a bloodstained altar of Trog.
  2436 | D:3      | Reached skill level 4 in Fighting
  2717 | D:3      | Gained mutation: You have hoof-like feet. [demonic
                  | ancestry]
  2717 | D:3      | Reached XP level 5. HP: 24/42 MP: 2/8
  3003 | D:4      | Noticed an ogre
  3046 | D:4      | Learned a level 3 spell: Kindle Blastsparks
  3081 | D:4      | Noticed an ogre
  3088 | D:4      | Killed an ogre
  3226 | D:4      | Identified the +4 whip "Sosio" {flame, *Noise Fragile rF++
                  | rC+++}
  3244 | D:4      | Killed an ogre
  3245 | D:4      | Gained mutation: You have a pair of small horns on your
                  | head. [demonic ancestry]
  3245 | D:4      | Reached XP level 6. HP: 23/48 MP: 9/9
  3352 | D:4      | Found a stormy altar of Qazlal.
  3361 | D:4      | Reached skill level 1 in Evocations
  3403 | D:4      | Found a snail-covered altar of Cheibriados.
  3438 | D:4      | Found a broken altar of Ashenzari.
  3489 | D:4      | Reached skill level 1 in Maces & Flails
  3695 | D:4      | Found an opulent altar of Gozag.
  3949 | D:4      | Gained mutation: You sometimes gain power by taking damage.
                  | [demonic ancestry]
  3949 | D:4      | Reached XP level 7. HP: 54/54 MP: 7/10
  4030 | D:4      | Found a burning altar of Makhleb.
  4061 | D:5      | Entered Level 5 of the Dungeon
  4190 | D:5      | You fall into a shaft and drop 3 floors!
  4216 | D:8      | Slain by a killer bee

Illustrated notes

Levels and vault maps discovered:
D:1:      co_arrival_square_in_a_square_in_a_square, layout_basic,
          basic_ecumenical_altar, minmay_octomino_j4
D:2:      layout_basic, basic_altar, uniq_natasha, uniq_terence,
          uniq_crazy_yiuf_cottage
D:3:      layout_loops_ring, mainiacjoe_overflow_paths,
          chequers_hall_statues_wall_a
D:4:      layout_basic, lemuel_coloured_pillars_altar,
          mainiacjoe_overflow_cross_hatched, bloody_makhleb,
          nicolae_qazlal_general_emergency, ashenzari_conservatory_becter,
          grunt_decor_cap, st_stairs_8
D:5:      layout_basic, minmay_manual_mail
D:8:      layout_basic

Skill      XL: |  1  2  3  4  5  6  7 |
---------------+----------------------+-----
Fighting       | 1 2 3 4 |  4.0
Unarmed Combat | 1 3 |  3.0
Dodging        | 2 |  2.0
Stealth        | 3 |  3.0
Fire Magic     | 3 |  3.0
Evocations     | 2 |  2.0
Maces & Flails | 2 3 |  3.0
Spellcasting   | |  2.0
Conjurations   | |  1.2
Translocations | |  0.4
Air Magic      | |  0.3

Action                     |  1- 3 |  4- 6 |  7- 9 || total
---------------------------+-------+-------+-------++-------
  Melee: Unarmed           |    82 |    52 |       ||   134
         Kick              |    29 |    18 |     2 ||    49
         Punch             |     1 |       |     1 ||     2
         Whip              |       |    31 |     9 ||    40
         Headbutt          |       |     3 |     3 ||     6
   Cast: Foxfire           |    40 |    53 |    10 ||   103
         Scorch            |     7 |     3 |     1 ||    11
         Kindle Blastspark |       |     1 |       ||     1
  Evoke: Wand              |       |     4 |       ||     4
    Use: Potion            |     2 |       |       ||     2
         Scroll            |       |       |     9 ||     9
   Stab: Sleeping          |     1 |       |     1 ||     2
         Paralysed         |     2 |     1 |       ||     3
 Armour: Robe              |    15 |    13 |     9 ||    37
  Dodge: Dodged            |    65 |    59 |    24 ||   148

Table legend: (Time is in decaauts)
 A = Elapsed time spent in this place.
 B = Non-inter-level travel time spent in this place.
 C = Inter-level travel time spent in this place.
 D = Time resting spent in this place.
 E = Time spent auto-exploring this place.
 F = Levels seen in this place.
 G = Mean time per level.
                   A        B        C        D        E       F      G
               +--------+--------+--------+--------+--------+-----+--------+
         Total |   4215 |   4123 |     92 |     74 |   3351 |   6 |  702.5 |
       Dungeon |   4215 |   4123 |     92 |     74 |   3351 |   6 |  702.5 |
               +--------+--------+--------+--------+--------+-----+--------+

Top non-repeatable levels by time:
     D:4: 1039 daAuts
     D:2: 1035 daAuts
     D:3: 1031 daAuts
     D:1: 954 daAuts
     D:5: 128 daAuts
     D:8: 25 daAuts
